[Event "*** SCC Grand Prix: Titled Tuesday Blitz"]
[Site "Chess.com"]
[Date "2020.06.23"]
[Round "9"]
[White "MrChampion_Coach"]
[Black "Playgood28"]
[Result "1-0"]
[WhiteElo "2435"]
[BlackElo "2272"]
[TimeControl "180+1"]
[EndTime "11:45:49 PDT"]
[Termination "MrChampion_Coach won by resignation"]

1. e4 e5 2. Nf3 d6 3. d4 exd4 4. Nxd4 Nf6 5. Nc3 Be7 6. Bf4 O-O 7. Qd2 a6 8. O-O-O b5 9. f3 c5 10. Nf5 Bxf5 11. exf5 Nc6 12. g4 Nd4 13. g5 b4 14. Ne2 Nh5 15. f6 gxf6 16. Nxd4 cxd4 17. gxf6 Bxf6 18. Bh6 Re8 19. Bc4 d5 20. Rhg1+ Kh8 21. Bd3 Rg8 22. Bf5 Qd6 23. Bg4 Ng7 24. Rg3 Ne6 25.
Rh3 Ng5 26. Rh5 Ne4 27. fxe4 Rxg4 28. Rxd5 Qe6 29. Rf5 Bg7 30. Bxg7+ Rxg7 31. Qxd4 Qxa2 32. Rg5 Rg8 33. Rxg7 Rxg7 34. Qd8+ Rg8 35. Qf6+ 1-0

[Event "*** SCC Grand Prix: Titled Tuesday Blitz"]
[Site "Chess.com"]
[Date "2020.06.23"]
[Round "9"]
[White "IsaacWiebe"]
[Black "c63_amg"]
[Result "0-1"]
[WhiteElo "2110"]
[BlackElo "2720"]
[TimeControl "180+1"]
[EndTime "11:45:49 PDT"]
[Termination "c63_amg won by resignation"]

1. e4 c5 2. Nf3 d6 3. d4 cxd4 4.
Nxd4 Nf6 5. Nc3 a6 6. Bg5 Nbd7 7. Bc4 Qb6 8. Bb3 e6 9. Qd2 Be7 10. O-O-O Nc5 11. f3 Qc7 12. Kb1 b5 13. Rhe1 O-O 14. h4 b4 15. Nce2 a5 16. Nb5 Qb6 17. Nxd6 a4 18. Bc4 h6 19. e5 hxg5 20. exf6 Bxf6 21.
hxg5 Be5 22. f4 Bxd6 23. Qxd6 Qa5 24. Rh1 Bb7 25. g6 b3 26. Qe5 bxc2+ 27. Kxc2 Be4+ 28. Kc1 Bxg6 29. Qg5 Rfc8 30. Nc3 a3 31. Qh4 axb2+ 32. Kd2 Ne4+ 33. Ke2 Bh5+ 34. Qxh5 Ng3+ 35. Kf3 Nxh5 36. Rxh5 Qxh5+ 37. g4 Qh3+ 38. Ke4 Rxc4+ 0-1

[Event "*** SCC Grand Prix: Titled Tuesday Blitz"]
[Site "Chess.com"]
[Date "2020.06.23"]
[Round "9"]
[White "killer311"]
[Black "dennisodessa"]
[Result "1-0"]
[WhiteElo "2419"]
[BlackElo "2264"]
[TimeControl "180+1"]
[EndTime "11:45:51 PDT"]
[Termination "killer311 won by resignation"]

1. d4 Nf6 2. c4 e6 3. Nc3 Bb4 4. Bd2 b6 5. e3 Bb7 6. Nf3 O-O 7. Bd3 d6 8. Rc1 Nbd7 9. O-O Qe7 10.
Nb5 Bxd2 11. Qxd2 Rfc8 12. Rfe1 e5 13. e4 exd4 14. Nfxd4 Nc5 15. Nf5 Qd7 16. Qg5 Ne6 17. Qg3 Kh8 18. Nbd4 Rg8 19. Qh4 Rae8 20. Nxg7 Nxd4 21.
Qxf6 Rxg7 22. Qxd4 Qg4 23. g3 h5 24. Qe3 Reg8 25. Qh6+ Rh7 26. Qf6+ Rhg7 27. e5 Qg5 28.
Qxg5 Rxg5 29. exd6 cxd6 30. Re7 Rb8 31. Rxf7 Rg7 32.
Rxg7 Kxg7 33. Re1 Kf6 34. Be4 Bc8 35. Bd5 b5 36. Re8 bxc4 37. Bxc4 Ra8 38. Bd5 Bb7 39. Rxa8 Bxd5 40. Rxa7 Ke5 41. Ra5 1-0

[Event "*** SCC Grand Prix: Titled Tuesday Blitz"]
[Site "Chess.com"]
[Date "2020.06.23"]
[Round "9"]
[White "rasmussvane"]
[Black "mmmflatbread"]
[Result "0-1"]
[WhiteElo "2876"]
[BlackElo "2814"]
[TimeControl "180+1"]
[EndTime "11:45:52 PDT"]
[Termination "mmmflatbread won on time"]

1. Nf3 Nf6 2. g3 b5 3. d4 Bb7 4. Bg2 e6 5. Bg5 Be7 6. Qd3 a6 7. a4 b4 8. Nbd2 d5 9. Bxf6 Bxf6 10. e4 Nd7 11. O-O O-O 12. exd5 Bxd5 13. Ne4 Be7 14. h4 c5 15. dxc5 f5 16. Neg5 Nxc5 17. Qe2 h6 18. Nh3 Bd6 19. Rad1 Qf6 20. Nd4 Bxg2 21. Kxg2 Be5 22. Nc6 Bxb2 23. Nxb4 Nxa4 24. Rd6 Rfe8 25. Nf4 Nc3 26. Qc4 Nb5 27. Rxe6 Rxe6 28. Nxe6 Qf7 29. Qd5 Re8 30. Nc5 Qxd5+ 31. Nxd5 Re5 32. c4 Nd6 33. Nd7 Re2 34. c5 Nb5 35. c6 Rc2 36. Re1 Bd4 37.
Re8+ Kf7 38. Re7+ Kg6 39. Nf4+ Kh7 40. Nf8+ Kg8 41. N8g6 Rxf2+ 42. Kh3 Nd6 43. Rd7 Bc5 44. Rd8+ Kf7 45. Re8 Kxe8 0-1

[Event "*** SCC Grand Prix: Titled Tuesday Blitz"]
[Site "Chess.com"]
[Date "2020.06.23"]
[Round "9"]
[White "KNCP_719"]
[Black "Richarzard69"]
[Result "1-0"]
[WhiteElo "2471"]
[BlackElo "2298"]
[TimeControl "180+1"]
[EndTime "11:45:52 PDT"]
[Termination "KNCP_719 won by checkmate"]

1. e4 e6 2. c4 d5 3. cxd5 exd5 4. exd5 Nf6 5. Nc3 Nxd5 6. Nf3 Be7 7. d4 O-O 8. Bd3 c6 9. O-O Bg4 10. Ne4 Nd7 11. Ng3 N7f6 12. h3 Bxf3 13. Qxf3 Nb4 14. Bb1 g6 15. a3 Nbd5 16. Bh6 Re8 17. Ba2 Bf8 18. Bg5 Bg7 19. Rfe1 Qd6 20. Ne2 Ne4 21. Be3 Nxe3 22. Bxf7+ Kh8 23. Bxe8 Rxe8 24. Qxe3 Re7 25.
Nc3 Bxd4 26. Nxe4 Qd5 27. Qf3 Bxb2 28. Qf8+ Qg8 29. Qxe7 Bd4 30. Rad1 c5 31. Ng5 h6 32. Nf7+ Kh7 33. Re6 Bg7 34. Rd7 c4 35. Rd8 c3 36.
Rxg8 c2 37. Ng5+ Kxg8 38. Qe8+ Bf8 39. Qxg6+ Kh8 40. Nf7# 1-0

[Event "*** SCC Grand Prix: Titled Tuesday Blitz"]
[Site "Chess.com"]
[Date "2020.06.23"]
[Round "9"]
[White "Sashadav97"]
[Black "ZverevLev"]
[Result "1-0"]
[WhiteElo "2602"]
[BlackElo "2369"]
[TimeControl "180+1"]
[EndTime "11:45:54 PDT"]
[Termination "Sashadav97 won by resignation"]

1. d4 Nf6 2. c4 e6 3. Nc3 Bb4 4.
e3 d5 5. a3 Bxc3+ 6. bxc3 c5 7. cxd5 exd5 8. Bd3 O-O 9. Ne2 Nc6 10. O-O Re8 11. f3 b6 12. Ng3 Ne7 13. Ra2 Bb7 14. Re2 Ng6 15. Bb2 Rc8 16. Ree1 Rc7 17. e4 dxe4 18. fxe4 c4 19. Bc2 b5 20. Bc1 Rd7 21. Bg5 Re6 22. Nh5 Ne5 23. Bxf6 gxf6 24. Qd2 Nd3 25. Bxd3 cxd3 26. Qh6 Qf8 27. Nxf6+ Rxf6 28. Qxf6 Rd6 29. Qf4 Rg6 30. Rf3 Qg7 31. g3 d2 32.
Qxd2 h5 33. d5 h4 34. Qf2 Bc8 35. Ree3 Bg4 36. Rf4 Ra6 37. gxh4 Rxa3 38. Rg3 Ra1+ 39. Kg2 f5 40. exf5 Qf7 41. Rfxg4+ Kh7 42. Rg7+ 1-0

[Event "*** SCC Grand Prix: Titled Tuesday Blitz"]
[Site "Chess.com"]
[Date "2020.06.23"]
[Round "9"]
[White "ajian"]
[Black "Ze-Pequeno"]
[Result "0-1"]
[WhiteElo "2385"]
[BlackElo "2206"]
[TimeControl "180+1"]
[EndTime "11:45:55 PDT"]
[Termination "Ze-Pequeno won on time"]

1. d4 Nf6 2. c4 Nc6 3. Nf3 e6 4. Nc3 Bb4 5. Qc2 d6 6. Bd2 O-O 7. a3 Bxc3 8. Bxc3 Qe7 9. e3 b6 10. b4 e5 11. d5 Nb8 12. Be2 Bg4 13. h3 Bh5 14. O-O Nbd7 15. e4 Bg6 16. Nd2 Nh5 17. g3 f5 18. Bxh5 Bxh5 19. exf5 Qg5 20.
Qe4 Nf6 21. Qg2 Qxf5 22. Rfe1 Bg6 23. Nf3 Qd3 24. Re3 Qxc4 25. Rd1 Nxd5 26. Nxe5 Nxe3 27. Nxc4 Nxg2 28. Kxg2 Be4+ 29. Kg1 Rf3 30. Bd4 Bd5 31. Ne3 Bb7 32. Rc1 c5 33. bxc5 dxc5 34. Be5 Re8 35.
Bf4 h6 36. Rd1 g5 37. Bc7 Rf7 38. Bd6 Rd7 0-1

[Event "*** SCC Grand Prix: Titled Tuesday Blitz"]
[Site "Chess.com"]
[Date "2020.06.23"]
[Round "9"]
[White "hansen"]
[Black "ChessQueen"]
[Result "1/2-1/2"]
[WhiteElo "2968"]
[BlackElo "2715"]
[TimeControl "180+1"]
[EndTime "11:45:57 PDT"]
[Termination "Game drawn by repetition"]

1. e4 c6 2. Nc3 d5 3. Nf3 dxe4 4. Nxe4 Nf6 5. d3 Nxe4 6. dxe4 Qxd1+ 7. Kxd1 g6 8. c3 Bg7 9. Kc2 Nd7 10. Nd2 Ne5 11.
f3 b6 12. a4 Bb7 13. a5 O-O-O 14. axb6 axb6 15. Nc4 Nxc4 16. Bxc4 Rhf8 17. Bg5 Rd7 18. h4 h5 19. b4 e6 20. Rhd1 Rxd1 21. Rxd1 Be5 22.
b5 Kc7 23. Kb3 Bd6 24. Be3 Rd8 25. Bg5 Ra8 26. Be3 Be5 27. Be2 cxb5 28. Bxb5 Bc6 29.
c4 Bg3 30. Bg5 Bd6 31. Bc1 Bxb5 32. cxb5 Ra5 33. Kc4 Ra4+ 34. Kc3 Ra5 35. Kc4 Ra4+ 36.
Kc3 Ra5 37. Kc4 1/2-1/2

[Event "*** SCC Grand Prix: Titled Tuesday Blitz"]
[Site "Chess.com"]
[Date "2020.06.23"]
[Round "9"]
[White "wonderfultime"]
[Black "maciek_92"]
[Result "1-0"]
[WhiteElo "2952"]
[BlackElo "2697"]
[TimeControl "180+1"]
[EndTime "11:45:58 PDT"]
[Termination "wonderfultime won by checkmate"]

1. d4 f5 2. Nc3 d5 3. Bg5 g6 4. h4 Bg7 5. Nf3 Nc6 6. e3 a6 7. Bf4 h6 8. Bd3 Nf6 9. Ne5 Nxe5 10. dxe5 Ng4 11. Be2 c6 12. Qd4 Qc7 13. Bxg4 fxg4 14.
O-O-O b6 15. f3 e6 16. fxg4 h5 17. Qd3 Qf7 18. Rdf1 Kd7 19. Bg5 Qe8 20. Bf6 Rg8 21. g5 Kc7 22. Bxg7 Rxg7 23. Rf6 a5 24. e4 Ba6 25.
Qe3 Rd8 26. exd5 cxd5 27. Rd1 Qc6 28. Qf4 Rdd7 29. a3 Kb7 30. g4 Rc7 31. gxh5 gxh5 32. Qd4 Qd7 33. g6 Rc4 34. Qf2 Rc7 35. Ne4 Qc6 36.
Nd6+ Ka7 37. Kb1 Bb5 38. Rf7 Ba4 39. Rxc7+ Rxc7 40. Rc1 Bb3 41. g7 Rxg7 42. cxb3 Qd7 43. Nc8+ Ka6 44. Qxb6# 1-0

[Event "*** SCC Grand Prix: Titled Tuesday Blitz"]
[Site "Chess.com"]
[Date "2020.06.23"]
[Round "9"]
[White "WelshTiger"]
[Black "kidagent"]
[Result "0-1"]
[WhiteElo "2345"]
[BlackElo "2221"]
[TimeControl "180+1"]
[EndTime "11:45:58 PDT"]
[Termination "kidagent won on time"]

1. e4 c5 2. Nf3 d6 3. d4 cxd4 4. Nxd4 Nf6 5. Nc3 a6 6. Be2 e5 7. Nf3 Be7 8. Bg5 Be6 9. Bxf6 gxf6 10. Nd5 Nc6 11. Bc4 Rc8 12. Qe2 Bg4 13. c3 f5 14.
exf5 Bxf5 15. Ne3 Be6 16. O-O-O O-O 17. Bxe6 fxe6 18. Nd2 Qe8 19. Nec4 Qg6 20. f3 b5 21. Ne3 Nb4 22. Ne4 d5 23. Kb1 Nc6 24. Nxd5 exd5 25. Rxd5 Rcd8 26. Rhd1 Rxd5 27. Rxd5 Rd8 28. Rxd8+ Nxd8 29. Qd3 Nf7 30. Qd7 Bf8 31. Qd5 Kg7 32. g4 h5 33. h3 hxg4 34. hxg4 Be7 35. a3 Bf6 36. Qb7 Kh6 37. Ka2 Bg7 38. Qe7 Ng5 39. Nd6 Qe6+ 40.
Qxe6+ Nxe6 41. Nf5+ Kg5 42. a4 bxa4 43. Ka3 Kf4 0-1

[Event "*** SCC Grand Prix: Titled Tuesday Blitz"]
[Site "Chess.com"]
[Date "2020.06.23"]
[Round "9"]
[White "Vaathi_Coming"]
[Black "FairChess_on_YouTube"]
[Result "0-1"]
[WhiteElo "2863"]
[BlackElo "3007"]
[TimeControl "180+1"]
[EndTime "11:45:59 PDT"]
[Termination "FairChess_on_YouTube won on time"]

1. Nf3 Nf6 2. g3 d5 3. Bg2 c6 4. O-O Bg4 5. d3 Nbd7 6. Nbd2 e6 7. e4 Be7 8. c3 O-O 9. Qc2 Bh5 10. a4 Nc5 11. b4 dxe4 12. dxe4 Qd3 13. Qxd3 Nxd3 14. Ba3 Rfd8 15. b5 Bxa3 16. Rxa3 e5 17. Nc4 Nd7 18. Rb1 f6 19. Na5 N7c5 20. bxc6 b6 21. Nb7 Nxb7 22. cxb7 Rab8 23. a5 Nc5 24. axb6 axb6 25.
Nh4 Rxb7 26. f3 Bf7 27. Nf5 Be6 28. Ne3 Rd3 29. Kf2 h5 30. h4 Kh7 31. Re1 b5 32. Rea1 Rd2+ 33. Kg1 Re2 0-1

[Event "*** SCC Grand Prix: Titled Tuesday Blitz"]
[Site "Chess.com"]
[Date "2020.06.23"]
[Round "9"]
[White "Infernal_XaM"]
[Black "RitvarsReimanis"]
[Result "1-0"]
[WhiteElo "2824"]
[BlackElo "2574"]
[TimeControl "180+1"]
[EndTime "11:46:01 PDT"]
[Termination "Infernal_XaM won on time"]

1. d4 Nf6 2. c4 c6 3. Nc3 d5 4.
e3 e6 5. Nf3 Nbd7 6. Qc2 a5 7. a3 dxc4 8. Bxc4 b5 9. Ba2 Bb7 10.
O-O Rc8 11. e4 b4 12. Na4 c5 13. d5 exd5 14. exd5 Bd6 15. Re1+ Kf8 16. Bc4 Bxd5 17. Bxd5 Nxd5 18. Bg5 Qc7 19. Rad1 N7f6 20. Qc4 h6 21.
Bxf6 Nxf6 22. Qa6 Rd8 23. Nb6 g5 24. Nc4 Be7 25. Nxa5 Rxd1 26. Rxd1 Kg7 27. Nc4 Rd8 28. Re1 Bf8 29. a4 Nd5 30. h3 b3 31. Nfd2 Rb8 32. Ne4 Qf4 33. Ng3 Qd4 34. Nf5+ 1-0

[Event "*** SCC Grand Prix: Titled Tuesday Blitz"]
[Site "Chess.com"]
[Date "2020.06.23"]
[Round "9"]
[White "Nafania1"]
[Black "Zurability"]
[Result "0-1"]
[WhiteElo "2511"]
[BlackElo "2677"]
[TimeControl "180+1"]
[EndTime "11:46:01 PDT"]
[Termination "Zurability won by resignation"]

1. e4 c5 2. Nf3 d6 3. Bb5+ Nd7 4. c3 Nf6 5. Bd3 g6 6. Bc2 Bg7 7. d4 O-O 8. a4 cxd4 9. cxd4 e5 10. d5 h6 11. O-O Nh5 12. Nc3 Nf4 13. Re1 a5 14.
g3 Nh3+ 15. Kg2 Nc5 16. Be3 b6 17. Nh4 Ng5 18. f3 Bh3+ 19. Kh1 Qe8 20. Nb5 Rd8 21. Qd2 Qe7 22. b4 axb4 23. Qxb4 Qf6 24. Rf1 Bxf1 25.
Rxf1 Qe7 26. Qd2 Ra8 27. Kg2 Nxa4 28. f4 exf4 29. gxf4 Nxe4 30. Qe1 Nac3 31. Nd4 Ra2 32. Kh1 Bxd4 33. Bxd4 Rxc2 34. Rg1 Ne2 35. Nxg6 fxg6 36. Rxg6+ Kh7 37. Rg7+ Qxg7 38. Bxg7 Kxg7 39. Qh4 Rxf4 40. Qe7+ Kg6 41. Qe6+ Nf6 42. h4 Rf1+ 43. Kg2 Nf4+ 44.
Kxf1 Nxe6 45. dxe6 Rc8 0-1

[Event "*** SCC Grand Prix: Titled Tuesday Blitz"]
[Site "Chess.com"]
[Date "2020.06.23"]
[Round "9"]
[White "Dmitry_Konenkin"]
[Black "Cubitas"]
[Result "0-1"]
[WhiteElo "2390"]
[BlackElo "2545"]
[TimeControl "180+1"]
[EndTime "11:46:01 PDT"]
[Termination "Cubitas won by checkmate"]

1. d4 d5 2. Bg5 h6 3. Bh4 Nf6 4. Bxf6 exf6 5. e3 c6 6. Bd3 Bd6 7. Nd2 f5 8. Qf3 g6 9. Ne2 Nd7 10. O-O-O Nf6 11. h3 a5 12. Rdg1 h5 13. Nf4 a4 14. c4 Qa5 15. g4 fxg4 16. hxg4 Bxg4 17. Rxg4 Nxg4 18. Nxg6 fxg6 19. Bxg6+ Kd8 20. Bxh5 a3 21.
b4 Qxb4 22. Qxg4 Qc3+ 23. Kd1 Qa1+ 24. Ke2 Qxh1 25. Bg6 Qh4 26. Qe6 Qe7 27. Qf5 Rf8 28.
Qh3 Bb4 29. Nf3 Qf6 30. Bh5 Qf5 31. Qg3 Qc2+ 32. Kf1 Qf5 33. Ke2 dxc4 34. Bg4 Qd3# 0-1

[Event "*** SCC Grand Prix: Titled Tuesday Blitz"]
[Site "Chess.com"]
[Date "2020.06.23"]
[Round "9"]
[White "ValentinDragnev"]
[Black "Gurvich_Vitaly"]
[Result "1-0"]
[WhiteElo "2740"]
[BlackElo "2558"]
[TimeControl "180+1"]
[EndTime "11:46:02 PDT"]
[Termination "ValentinDragnev won on time"]

1. e4 c5 2. Nf3 Nc6 3. c3 Nf6 4.
e5 Nd5 5. d4 cxd4 6. Bc4 e6 7.
cxd4 d6 8. O-O Be7 9. Nbd2 O-O 10.
Bxd5 exd5 11. h3 Bf5 12. Nb3 f6 13. Bf4 fxe5 14. dxe5 Be4 15. exd6 Rxf4 16. dxe7 Qxe7 17. Nfd2 Raf8 18. Nxe4 dxe4 19. Qd5+ Kh8 20. Rae1 Qh4 21. Qc5 Qf6 22. Re2 h6 23. Qd5 Qg6 24. Nc5 R8f5 25. Qe6 Rf6 26. Qd5 R6f5 27. Qe6 Rf6 28. Qc8+ Kh7 29. Qxb7 Nd4 30. Rxe4 Nf3+ 31. Kh1 Nd2 32. Rxf4 Rxf4 33. Rg1 Rxf2 34. Qd5 h5 35. Nd3 Rf5 36. Qd4 1-0

[Event "*** SCC Grand Prix: Titled Tuesday Blitz"]
[Site "Chess.com"]
[Date "2020.06.23"]
[Round "9"]
[White "Vandros57"]
[Black "leoduarte"]
[Result "1-0"]
[WhiteElo "2167"]
[BlackElo "2242"]
[TimeControl "180+1"]
[EndTime "11:46:02 PDT"]
[Termination "Vandros57 won on time"]

1. d4 Nf6 2. Nf3 g6 3. c4 Bg7 4. Nc3 O-O 5. e4 d6 6. Be2 c5 7.
O-O Re8 8. h3 cxd4 9. Nxd4 b6 10.
Be3 Bb7 11. f3 Nbd7 12. Qd2 Rc8 13. Rac1 a6 14. Rfd1 Qc7 15. b3 Qb8 16. a4 Nc5 17. b4 Ncd7 18. Nb3 Ne5 19. Nd5 Ned7 20. Nxb6 Nxb6 21.
Bxb6 Bxe4 22. a5 Bb7 23. c5 d5 24. Bf1 Qa8 25. Nd4 Nd7 26. c6 Bxc6 27. Nxc6 Nxb6 28.
Nxe7+ Rxe7 29. axb6 Rb8 30. Qxd5 Qxd5 31. Rxd5 Ree8 32. Bxa6 Rxb6 33. b5 h5 34. h4 Reb8 35. g3 Bb2 36. Rcd1 Rf6 37. Rd8+ Rxd8 38. Rxd8+ Kg7 39.
f4 Rxa6 40. bxa6 1-0

[Event "*** SCC Grand Prix: Titled Tuesday Blitz"]
[Site "Chess.com"]
[Date "2020.06.23"]
[Round "9"]
[White "Karacsonyi_Gellert"]
[Black "Leonid_Starozhilov"]
[Result "1-0"]
[WhiteElo "2536"]
[BlackElo "2711"]
[TimeControl "180+1"]
[EndTime "11:46:06 PDT"]
[Termination "Karacsonyi_Gellert won on time"]

1. e4 g6 2. d4 Bg7 3. Nc3 d6 4. Bg5 Nc6 5. Nf3 Bg4 6. Bb5 a6 7. Bxc6+ bxc6 8. Qd2 Bxf3 9. gxf3 Nf6 10. Bh6 O-O 11. h4 Nh5 12. Ne2 e5 13. Ng3 Nf4 14. Bxf4 exf4 15. Qxf4 Bxd4 16. h5 Bxb2 17. Rb1 Qf6 18.
Qe3 Bd4 19. Qd3 Be5 20. Rg1 Rab8 21. Rxb8 Rxb8 22. Ke2 Rb2 23. h6 Qf4 24. Nf5 Kf8 25.
Qxa6 gxf5 26. Qc8+ Ke7 27. Qxc7+ Ke6 28. Qc8+ Ke7 29.
Rg8 Rxc2+ 30. Kf1 Qxf3 31. Qd8+ 1-0

[Event "*** SCC Grand Prix: Titled Tuesday Blitz"]
[Site "Chess.com"]
[Date "2020.06.23"]
[Round "9"]
[White "cukin84"]
[Black "ARTHURMOTIVATOR"]
[Result "0-1"]
[WhiteElo "2149"]
[BlackElo "2332"]
[TimeControl "180+1"]
[EndTime "11:46:06 PDT"]
[Termination "ARTHURMOTIVATOR won by checkmate"]

1. e4 c6 2. d4 d5 3. Nd2 dxe4 4. Nxe4 Nf6 5. Ng5 Bf5 6. Bc4 e6 7. Ne2 Bd6 8. f3 Qc7 9. g4 Bg6 10. Be3 Bxh2 11. Qd2 Bg3+ 12. Nxg3 Qxg3+ 13. Bf2 Qc7 14. O-O-O Nbd7 15. Bxe6 fxe6 16. Nxe6 Qd6 17. Nxg7+ Kf7 18.
Nh5 Nxh5 19. gxh5 Bf5 20. Kb1 Nb6 21. b3 Nd5 22. Ka1 Qb4 23. Kb2 Qxd2 24. Rxd2 a5 25. c4 Nf4 26. Rhd1 Rhe8 27. h6 a4 28. b4 a3+ 29. Kb3 b5 30. d5 bxc4+ 31. Kxc4 cxd5+ 32. Kb3 d4 33. Bxd4 Be6+ 34. Kc2 Rec8+ 35. Kb1 Nd5 36. b5 Rab8 37. b6 Nxb6 38. Bxb6 Rxb6+ 39. Ka1 Rcb8 40. f4 Rb2 41. f5 Bxf5 42. Rxb2 axb2# 0-1

[Event "*** SCC Grand Prix: Titled Tuesday Blitz"]
[Site "Chess.com"]
[Date "2020.06.23"]
[Round "9"]
[White "QuintilianoR"]
[Black "Gabrielian_Artur"]
[Result "1-0"]
[WhiteElo "2648"]
[BlackElo "2757"]
[TimeControl "180+1"]
[EndTime "11:46:07 PDT"]
[Termination "QuintilianoR won by resignation"]

1. d4 Nf6 2. Nf3 e6 3. c4 c5 4. d5 exd5 5. cxd5 d6 6. Nc3 g6 7. e4 Bg7 8. h3 O-O 9. Bd3 Nbd7 10.
O-O Re8 11. Bf4 c4 12. Bc2 Nc5 13. e5 dxe5 14. Bxe5 Qb6 15. Rb1 Bd7 16. Qd4 Nd3 17. Qxb6 axb6 18. Bd4 b5 19. a3 b4 20. Bxd3 cxd3 21.
axb4 Bf5 22. Rbd1 Rad8 23. g4 Be4 24. Nxe4 Rxe4 25. Rxd3 Rxd5 26. Rfd1 h6 27. Bc3 Rxd3 28. Rxd3 Rc4 29. Rd8+ Kh7 30. Ne5 Rc7 31. f3 Re7 32. Nc4 Nd7 33. Nd6 Bxc3 34. bxc3 Ne5 35. Kg2 Nd3 36.
Ne4 Nf4+ 37. Kg3 g5 38. h4 Ne6 39. Rd5 gxh4+ 40. Kxh4 Kg7 41. Kg3 Rc7 42. Rd3 Rc4 43. Nd6 Rc7 44. Ne8+ 1-0

[Event "*** SCC Grand Prix: Titled Tuesday Blitz"]
[Site "Chess.com"]
[Date "2020.06.23"]
[Round "9"]
[White "MateSchmate"]
[Black "Khvicha_Supatashvili"]
[Result "0-1"]
[WhiteElo "2480"]
[BlackElo "2655"]
[TimeControl "180+1"]
[EndTime "11:46:07 PDT"]
[Termination "Khvicha_Supatashvili won by resignation"]

1. e4 c5 2. Nf3 Nc6 3. d4 cxd4 4. Nxd4 Nf6 5. Nc3 d6 6. Bg5 e6 7. Be2 Be7 8. O-O O-O 9. Be3 a6 10. a4 Bd7 11. f4 Qc7 12. Qe1 Nxd4 13. Bxd4 e5 14. Be3 exf4 15. Rxf4 Be6 16. Rd1 Nd7 17.
Qd2 Ne5 18. Nd5 Bxd5 19. exd5 Bg5 20. Re4 Bxe3+ 21. Rxe3 f5 22. c3 Rae8 23. Qd4 Qe7 24. Re1 Qg5 25. h4 Qh6 26. Bf1 f4 27. Re4 f3 28.
Kh2 Ng4+ 29. Kg3 Rxe4 30. Rxe4 Ne5 31. Rxe5 dxe5 32. Qxe5 f2 33. d6 Qf6 34. Qd5+ Kh8 35. d7 Rd8 36. Qxb7 Qe5+ 37. Kxf2 Rf8+ 38. Kg1 Qe3+ 39.
Kh2 Qf4+ 40. g3 Qxf1 41. Qc8 Qf2+ 42. Kh3 Qf5+ 43. Kh2 Qf6 44. Qe8 Qd8 45. Qe5 Qxd7 46. Qd5 Qxd5 0-1

[Event "*** SCC Grand Prix: Titled Tuesday Blitz"]
[Site "Chess.com"]
[Date "2020.06.23"]
[Round "9"]
[White "Baby_Legs"]
[Black "jaskol95"]
[Result "1-0"]
[WhiteElo "2599"]
[BlackElo "2388"]
[TimeControl "180+1"]
[EndTime "11:46:08 PDT"]
[Termination "Baby_Legs won by checkmate"]

1. Nf3 Nf6 2. e3 g6 3. d4 Bg7 4. c4 d5 5. cxd5 Nxd5 6. Be2 O-O 7.
O-O b6 8. e4 Nf6 9. Nc3 Bb7 10.
Qc2 Nbd7 11. Rd1 a6 12. h3 Qc8 13. Bf4 c5 14. d5 Ne8 15. h4 e5 16. dxe6 fxe6 17. Bg3 Ndf6 18. Ne5 b5 19. Bf3 Nh5 20. Bxh5 gxh5 21. Qe2 Nf6 22. f3 c4 23. Qe3 Rd8 24. Ne2 Rxd1+ 25. Rxd1 Qe8 26. Nf4 Nxe4 27. Ne2 Nxg3 28. Nxg3 Rd8 29. Re1 Rd5 30. f4 Qd8 31. Nxh5 Qxh4 32. Nxg7 Kxg7 33. Nf3 Qg3 34. Qxe6 Rd2 35.
Qe7+ Kg8 36. Qe8+ Kg7 37. Re7+ Kh6 38. Qf8+ Kh5 39. Rxh7+ Kg4 40. Rg7+ Kh5 41. Qh8# 1-0

[Event "*** SCC Grand Prix: Titled Tuesday Blitz"]
[Site "Chess.com"]
[Date "2020.06.23"]
[Round "9"]
[White "rynos0411"]
[Black "1f3_2g41-0"]
[Result "0-1"]
[WhiteElo "2358"]
[BlackElo "2245"]
[TimeControl "180+1"]
[EndTime "11:46:09 PDT"]
[Termination "1f3_2g41-0 won by checkmate"]

1. e4 c5 2. Nf3 d6 3. d4 cxd4 4. Nxd4 Nf6 5. Nc3 a6 6. h3 e5 7. Nde2 Be7 8. g4 Be6 9. Bg2 b5 10. O-O O-O 11. Be3 Nc6 12. Qd2 Rc8 13. Rac1 Na5 14. b3 Nc6 15. Kh1 Nd7 16. f4 exf4 17. Nxf4 Bf6 18. Ncd5 Be5 19. c4 bxc4 20. bxc4 h6 21.
Nxe6 fxe6 22. Nf4 Qe8 23. Nh5 Qg6 24. Qd3 Nc5 25. Bxc5 dxc5 26. Qd7 Rfd8 27. Qb7 Rc7 28. Qxa6 Rd2 29. Qa8+ Rd8 30. Qa4 Rd2 31. Rcd1 Rxg2 32.
Kxg2 Qxe4+ 33. Rf3 Nd4 34. Rf1 Nxf3 35. Rxf3 Qe2+ 36.
Rf2 Qe4+ 37. Rf3 Rc6 38. Qa8+ Kh7 39. Qf8 Rd6 40. h4 Rd2+ 41. Kf1 Qb1# 0-1

[Event "*** SCC Grand Prix: Titled Tuesday Blitz"]
[Site "Chess.com"]
[Date "2020.06.23"]
[Round "9"]
[White "Supernotar"]
[Black "enzovsky"]
[Result "1-0"]
[WhiteElo "2801"]
[BlackElo "2382"]
[TimeControl "180+1"]
[EndTime "11:46:10 PDT"]
[Termination "Supernotar won by resignation"]

1. d4 Nf6 2. c4 g6 3. Nc3 d5 4. cxd5 Nxd5 5. e4 Nxc3 6. bxc3 Bg7 7. Nf3 c5 8. Be3 Qa5 9. Qd2 Nc6 10. Rc1 cxd4 11.
cxd4 Qxd2+ 12. Kxd2 O-O 13. d5 Rd8 14. Ke1 Na5 15.
Bg5 Bd7 16. Bd3 f5 17. Rc7 fxe4 18. Bxe4 Bf6 19. d6 Bxg5 20. Nxg5 exd6 21. Bd5+ Kf8 22.
Kd2 h6 23. Nf7 Rac8 24. Rhc1 Rxc7 25. Rxc7 Ke7 26. Nxd8 Kxd8 27. Rc3 b5 28. Ra3 Bc6 29. Rxa5 Bxd5 30. Rxb5 Bxa2 31. Ra5 Be6 32. Rxa7 Bd7 33. Ke3 Ke7 34. Kd4 Ke6 35. g3 Bc6 36. Rh7 h5 37. h4 Be8 38. Ra7 Bf7 39. Ke4 Be8 40. Kf4 Bb5 41. Ra3 Kf6 42. Rb3 Bc4 43. Rb6 Ke6 44. Kg5 Bd3 45. Rb3 Bc2 46. Rc3 Bf5 47. f3 d5 48. g4 hxg4 49. fxg4 Be4 50. Kf4 Kf6 51. Rc6+ Kg7 52. Ke5 Kh6 53. Rc8 Kg7 54. Rc7+ Kh6 55. g5+ Kh5 56. Kf4 1-0

[Event "*** SCC Grand Prix: Titled Tuesday Blitz"]
[Site "Chess.com"]
[Date "2020.06.23"]
[Round "9"]
[White "Walter_White_Poland"]
[Black "argentum049"]
[Result "0-1"]
[WhiteElo "2218"]
[BlackElo "2422"]
[TimeControl "180+1"]
[EndTime "11:46:10 PDT"]
[Termination "argentum049 won by resignation"]

1. e4 e5 2. Nf3 Nc6 3. Bb5 Nf6 4. O-O Nxe4 5. d4 Nd6 6. Bxc6 dxc6 7. dxe5 Nf5 8.
Qxd8+ Kxd8 9. Rd1+ Ke8 10. Nc3 Be7 11. Bg5 h5 12. h4 b6 13. Rd2 Bb7 14. Rad1 c5 15.
Rd7 f6 16. Bf4 fxe5 17. Nxe5 Bd6 18. Nb5 Ba6 19. Nxc7+ Bxc7 20. Rxc7 Nd4 21. Rxd4 cxd4 22. Rxg7 Rc8 23. Bg5 Rxc2 24. Re7+ Kf8 25. Ng6+ Kg8 26.
Nxh8 Kxh8 27. Rxa7 Bc4 28. Bf6+ Kg8 29. Bxd4 Bd5 30.
Bc3 Rc1+ 31. Kh2 Rc2 32. Kg3 Rc1 33. a3 Rg1 34. Rg7+ Kf8 35. Rd7 Bc6 36. Rc7 Rxg2+ 37. Kf4 Bd5 38. Rd7 Rg4+ 39. Kf5 Be4+ 40. Ke5 Rxh4 41. f4 Bc6 42. f5 Bxd7 43. Bb4+ Kf7 44. Kd6 Rd4+ 45. Kc7 Bxf5 46. Kxb6 h4 47. Bc3 Rd3 48.
a4 h3 49. Be5 Re3 50. Bc7 Re2 51. b4 h2 52. Bxh2 Rxh2 53. a5 Bd3 54. a6 Rh6+ 0-1

[Event "*** SCC Grand Prix: Titled Tuesday Blitz"]
[Site "Chess.com"]
[Date "2020.06.23"]
[Round "9"]
[White "kuba2006"]
[Black "viktorskliarov"]
[Result "0-1"]
[WhiteElo "2369"]
[BlackElo "2552"]
[TimeControl "180+1"]
[EndTime "11:46:11 PDT"]
[Termination "viktorskliarov won on time"]

1. e4 c5 2. Nf3 Nc6 3. d4 cxd4 4.
Nxd4 Nf6 5. Nc3 e5 6. Ndb5 d6 7.
Bg5 a6 8. Bxf6 gxf6 9. Na3 b5 10. Nd5 f5 11. Bd3 Be6 12. O-O Bg7 13. Qf3 Nd4 14.
Qh5 Bxd5 15. exd5 e4 16. c3 exd3 17. cxd4 Bxd4 18. Rad1 Bxb2 19. Rxd3 Qf6 20. Nc2 f4 21. Re1+ Be5 22. Nd4 Kf8 23. Nc6 Re8 24. Rd2 f3 25. Re3 fxg2 26. Rf3 Qg6 27. Qxg6 hxg6 28. h3 f5 29. Kxg2 Kf7 30. Rc2 Kf6 31. Re3 Bf4 32. Rd3 Re4 33. Nd4 Be5 34. Nf3 Rc4 35. Rcd2 Re8 36.
Re3 a5 37. Rde2 b4 38. Rb3 a4 39. Rd3 Rc3 0-1